Map: [ESL] Inside and Out

Players

Giantorange

  • Race: Terran Terran
  • League: Master
  • Spawn Location: 1:00

PiG - Winner!

  • Race: Terran Terran
  • League: Grandmaster
  • Spawn Location: 7:00

VOD

https://www.youtube.com/watch?v=J2pIZNCtIis

Description

Time

  • Played on: July 12, 2022, 8:32 p.m.
  • Length: 15:03
Show
View Real Time Build Order
Export as new Build Order

Giantorange Terran 

Build Orders:  

Get SALT Encoding   

  12  0:00  SCV  
  13  0:12  SCV  
  14  0:17  Supply Depot  
  14  0:24  SCV  
  15  0:38  SCV  
  15  0:40  Barracks  
  16  0:44  Refinery  
  16  0:51  SCV  
  16  0:52  Refinery  
  17  1:03  SCV  
  18  1:15  SCV  
  19  1:30  Supply Depot  
  19  1:31  Reaper  
  21  1:33  Orbital Command  
  20  1:45  Factory  
  20  1:59  SCV  
  21  2:03  Reaper  
  22  2:12  SCV  
  23  2:23  Command Center  
  23  2:26  SCV  
  24  2:31  Hellion  
  26  2:37  Barracks Reactor  
  26  2:47  SCV  
  26  2:51  Starport  
  27  2:59  SCV  
  27  3:02  Factory Tech Lab  
  28  3:11  SCV  
  29  3:19  Marine x2  
  30  3:23  Supply Depot  
  30  3:27  Siege Tank  
  30  3:30  Starport Tech Lab  
  33  3:35  Starport Tech Lab  
  33  3:36  SCV  
  33  3:37  Orbital Command  
  33  3:40  Marine x2  
  36  3:48  SCV  
  37  3:57  Marine  
  37  3:58  Banshee, Marine  
  37  4:01  Cloaking Field  
  42  4:04  SCV  
  42  4:07  SCV  
  44  4:14  Siege Tank  
  47  4:19  SCV  
  47  4:21  Refinery, SCV  
  49  4:31  SCV  
  49  4:33  SCV  
  51  4:41  Banshee  
  51  4:43  SCV  
  56  4:45  SCV  
  56  4:51  Command Center  
  56  4:53  Marine  
  56  4:55  SCV  
  56  4:56  Siege Tank  
  61  5:01  SCV  
  61  5:05  Supply Depot  
  61  5:06  Supply Depot  
  62  5:11  SCV  
  62  5:13  SCV  
  64  5:21  Barracks  
  64  5:22  Barracks  
  64  5:23  SCV  
  64  5:26  SCV  
  66  5:50  SCV x2  
  66  5:51  Siege Tank  
  74  6:02  SCV  
  75  6:10  Marine x2  
  75  6:11  Orbital Command  
  77  6:16  SCV  
  77  6:17  Barracks Reactor  
  75  6:19  SCV  
  75  6:20  Barracks  
  75  6:21  Barracks, Engineering Bay  
  75  6:22  Engineering Bay  
  75  6:23  Siege Tank  
  79  6:25  Starport Reactor  
  79  6:27  Marine  
  79  6:28  SCV, Marine  
  79  6:31  SCV  
  83  6:37  Orbital Command  
  84  6:45  Marine x2  
  85  6:49  Marine, Stimpack  
  85  6:50  SCV  
  85  6:52  Terran Infantry Weapons Level 1  
  87  6:54  SCV  
  87  6:55  Siege Tank  
  91  7:02  SCV  
  91  7:03  Marine x2  
  91  7:04  Marine  
  91  7:08  SCV x2  
  97  7:13  Supply Depot  
  94  7:16  Supply Depot  
  94  7:25  SCV x2  
  94  7:26  SCV, Marine x2  
  99  7:33  Barracks Reactor, Marine x2  
  99  7:34  Barracks Reactor  
  99  7:35  Siege Tank  
  99  7:37  Viking x2, SCV, Terran Infantry Armor Level 1  
  104  7:38  SCV x2  
  104  7:43  Supply Depot  
  111  7:46  Supply Depot  
  110  8:07  Siege Tank  
  110  8:10  Marine x3  
  110  8:11  Marine x6  
  119  8:28  Marine x3  
  119  8:29  Marine x6  
  119  8:31  SCV  
  119  8:33  Medivac  
  131  8:35  SCV x2  
  131  8:36  Factory  
  131  8:39  Refinery  
  131  8:40  Refinery  
  133  8:43  Refinery  
  133  8:47  SCV, Marine x2  
  133  8:48  Siege Tank  
  113  8:56  Marine x7  
  113  8:59  SCV  
  121  9:05  Armory, Marine x2  
  119  9:13  Marine  
  119  9:14  Marine x5  
  125  9:17  Marine  
  125  9:20  Siege Tank  
  129  9:28  Marine x2  
  129  9:30  Factory Tech Lab  
  131  9:31  Marine  
  131  9:32  Marine  
  131  9:36  Supply Depot  
  131  9:37  Supply Depot x2  
  133  9:38  Supply Depot  
  133  9:39  Supply Depot  
  133  9:40  Command Center  
  133  9:48  Sensor Tower  
  133  9:50  Marine  
  133  9:51  Marine x3  
  133  9:52  Marine x2  
  130  9:53  Siege Tank  
  122  10:19  SCV x3  
  102  10:25  Siege Tank, Marine x9  
  108  10:31  SCV x2  
  96  10:42  Marine  
  95  10:43  Marine  
  95  10:44  SCV x3  
  95  10:49  Barracks Tech Lab  
  95  10:57  Siege Tank  
  95  10:58  Marine x2  
  95  11:00  Medivac  
  95  11:01  Medivac  
  95  11:03  SCV  
  102  11:06  SCV  
  103  11:16  SCV x2, Marine x2  
  103  11:17  Factory Tech Lab  
  107  11:20  SCV  
  106  11:32  SCV x2  
  108  11:33  Siege Tank  
  108  11:34  SCV  
  111  11:44  SCV x2  
  111  11:46  SCV  
  114  11:49  Combat Shield  
  114  11:56  SCV x2  
  114  11:58  SCV, Siege Tank  
  120  12:05  Marine x3  
  123  12:08  SCV  
  123  12:09  SCV  
  123  12:10  SCV  
  126  12:23  SCV x3, Marine  
  130  12:35  SCV x3  
  108  12:53  Marine  
  108  12:54  Marine x8  
  108  12:55  SCV, Siege Tank x2  
  108  12:56  SCV  
  125  13:02  SCV  
  123  13:11  Marine x7  
  127  13:18  Viking  
  127  13:19  Viking  
  131  13:27  Siege Tank  
  134  13:32  SCV x2  
  134  13:33  Marine x3  
  139  13:36  Siege Tank  
  139  13:38  Marine  
  139  13:39  Marine  
  131  13:58  SCV  
  131  13:59  Siege Tank  
  135  14:07  SCV x2  
  129  14:22  SCV  
  126  14:26  SCV, Marine x8  
  126  14:27  Siege Tank, Marine  
  139  14:34  Command Center  
  139  14:44  Marine x3  
Show
View Real Time Build Order
Export as new Build Order

PiG Terran - Winner!

Build Orders:  

Get SALT Encoding   

  12  0:00  SCV  
  13  0:12  SCV  
  14  0:17  Supply Depot  
  14  0:24  SCV  
  15  0:38  SCV  
  15  0:40  Barracks  
  16  0:43  Refinery  
  16  0:50  SCV  
  17  1:03  SCV  
  18  1:15  SCV  
  19  1:28  Orbital Command  
  19  1:29  Barracks Reactor  
  19  1:42  Command Center  
  19  1:54  SCV  
  19  1:58  Supply Depot  
  20  2:04  Marine x2  
  20  2:07  SCV  
  22  2:19  SCV  
  22  2:22  Marine x2  
  25  2:31  SCV  
  25  2:34  Factory  
  25  2:35  Barracks  
  26  2:38  Refinery  
  26  2:40  Marine  
  26  2:41  Marine  
  28  2:45  SCV  
  28  2:59  SCV  
  29  3:07  SCV  
  29  3:18  SCV  
  29  3:19  Orbital Command  
  29  3:21  Factory Tech Lab, Marine x2  
  29  3:22  Barracks Tech Lab  
  31  3:30  SCV  
  32  3:39  Marine x2  
  32  3:40  Cyclone  
  37  3:41  Marine  
  37  3:42  Combat Shield  
  38  3:49  SCV x2  
  38  3:52  Supply Depot  
  40  3:57  Supply Depot  
  40  3:58  Marine x2  
  40  4:01  SCV  
  43  4:05  SCV  
  43  4:09  Marine  
  45  4:13  SCV  
  45  4:15  Siege Tank  
  45  4:16  Marine  
  50  4:28  SCV x2  
  50  4:29  Marine x2  
  54  4:34  Marine  
  54  4:35  Supply Depot  
  55  4:40  SCV  
  55  4:41  SCV  
  57  4:46  Barracks  
  57  4:47  Siege Tank  
  57  4:49  Starport  
  57  4:51  Refinery  
  60  4:53  SCV  
  60  4:58  Marine x2  
  60  4:59  Marine  
  64  5:01  Stimpack  
  64  5:02  SCV  
  64  5:05  SCV  
  66  5:10  Supply Depot  
  66  5:14  SCV  
  66  5:16  Marine x2  
  69  5:21  Marine  
  70  5:31  Engineering Bay  
  70  5:32  Siege Tank  
  70  5:33  SCV  
  70  5:34  Marine  
  74  5:42  SCV  
  74  5:43  Starport Reactor, Barracks Reactor, Marine x2  
  74  5:44  Supply Depot  
  75  5:53  Marine  
  75  6:01  Marine x2  
  77  6:06  Siege Tank  
  77  6:08  Missile Turret  
  77  6:10  Missile Turret  
  77  6:11  Supply Depot, Marine, Terran Infantry Weapons Level 1  
  81  6:14  SCV  
  82  6:18  SCV  
  82  6:19  Marine x2  
  85  6:28  Marine  
  86  6:33  Medivac, Marine x2  
  86  6:36  Marine  
  86  6:37  Marine  
  92  6:40  Barracks  
  92  6:42  Barracks, Supply Depot  
  92  6:45  Supply Depot  
  92  6:50  SCV, Marine  
  94  7:03  SCV, Siege Tank, Marine x3  
  94  7:06  Medivac x2  
  105  7:13  Supply Depot  
  102  7:16  Supply Depot  
  102  7:19  Marine x2  
  102  7:21  Marine  
  105  7:26  Marine x2  
  105  7:29  Marine  
  108  7:30  Marine  
  108  7:35  Siege Tank  
  108  7:36  Supply Depot  
  112  7:38  Supply Depot  
  112  7:44  Marine x2  
  112  7:48  Marine x5  
  119  7:58  Supply Depot  
  118  8:02  Marine x2, Supply Depot  
  120  8:06  Marine x5  
  120  8:08  Siege Tank  
  128  8:20  Marine x2  
  128  8:24  Medivac, Marine x2  
  134  8:28  Marine  
  134  8:29  Marine  
  136  8:37  Marine  
  136  8:38  Marine x2  
  136  8:40  Siege Tank  
  142  8:42  Marine x2  
  142  8:46  Marine  
  123  8:50  Marine  
  123  8:55  Marine  
  84  9:03  Marine  
  84  9:04  Marine x4  
  84  9:08  Marine  
  90  9:12  Siege Tank  
  90  9:13  Marine  
  94  9:21  Marine x4  
  94  9:22  Marine  
  99  9:26  Marine  
  99  9:31  Marine  
  101  9:39  Marine x4  
  101  9:40  Marine  
  101  9:43  Marine  
  101  9:44  Siege Tank  
  110  9:49  Marine  
  111  9:57  Marine x4  
  111  9:58  Marine  
  116  10:01  Marine  
  116  10:06  Marine  
  102  10:15  Marine x5  
  102  10:16  Siege Tank  
  102  10:19  Marine  
  96  10:24  Marine  
  96  10:26  Medivac  
  88  10:32  Marine  
  88  10:33  Medivac, Marine x4  
  81  10:37  Marine  
  81  10:42  Marine  
  83  10:48  Siege Tank  
  81  10:50  Marine x4  
  81  10:51  Marine  
  81  10:55  Marine  
  85  11:00  Marine  
  82  11:08  Marine x4  
  82  11:09  Marine  
  86  11:13  Marine  
  86  11:18  Marine  
  88  11:20  Siege Tank  
  88  11:24  Medivac  
  93  11:26  Marine x4  
  93  11:27  Marine  
  93  11:30  Marine  
  99  11:35  Marine  
  100  11:44  Marine x4  
  100  11:46  Command Center  
  104  11:49  Marine x2  
  104  11:52  Siege Tank  
  104  11:53  Medivac  
  111  11:54  Marine  
  112  12:02  Marine x3  
  112  12:03  Marine  
  112  12:07  Marine  
  111  12:24  Siege Tank  
  110  12:31  Marine x4  
  110  12:32  Marine x2  
  116  12:40  Marine  
  117  12:49  Marine x4  
  121  12:53  SCV x2  
  121  12:56  Siege Tank  
  126  13:00  Orbital Command  
  126  13:10  Marine x2  
  128  13:18  Barracks Reactor  
  128  13:19  Armory, Barracks Reactor  
  128  13:26  Refinery, Marine  
  129  13:29  Siege Tank  
  129  13:30  Marine x3  
  129  13:33  Marine  
  136  13:43  Marine  
  136  13:47  Marine x2  
  136  13:48  Marine  
  140  13:54  Marine  
  139  14:06  Marine x2  
  139  14:08  Siege Tank  
  144  14:21  Viking x2  
  144  14:22  Marine x3  
  148  14:24  Marine  
  148  14:30  Marine x4  
  153  14:35  SCV  
Tags
 
Add a new tag
Caveats
  • Supply blocks, unpowered buildings, or Contaminate may cause inaccurate times.
  • Supply counts are checked every 10 seconds.